 Dungeon Crawl Stone Soup version 0.30-a0-652-gcc886f7154 (webtiles) character file.

Game seed: 13519082254836781670

35 Leeroy the Slasher (level 3, 0/21 HPs)
             Began as a Tengu Warper on Jan 17, 2023.
             Slain by Terence
             ... wielding a +0 hand axe
              (6 damage)
             ... on level 2 of the Dungeon.
             The game lasted 00:01:15 (1338 turns).

Leeroy the Slasher (Tengu Warper)                   Turns: 1338, Time: 00:01:16

Health: 0/21       AC:  3    Str: 11    XL:     3   Next: 33%
Magic:  7/7        EV: 12    Int: 13    God:
Gold:   168        SH:  0    Dex: 15    Spells: 6/6 levels left

rFire   . . .      SeeInvis .    a - +0 falchion
rCold   . . .      Faith    .    (no shield)
rNeg    . . .      Spirit   .    b - +0 leather armour
rPois   .          Reflect  .    (helmet restricted)
rElec   .          Harm     .    (no cloak)
rCorr   .          Rampage  .    (no gloves)
Will    .....                    (boots unavailable)
Stlth   +                        (no amulet)
HPRegen 0.23/turn                (no ring)
MPRegen 0.10/turn                (no ring)

@: no status effects
A: beak, talons 3
a: no special abilities


You were on level 2 of the Dungeon.
You visited 1 branch of the dungeon, and saw 2 of its levels.

You collected 168 gold pieces.

Inventory:

Hand Weapons
 a - a +0 falchion (weapon)
Missiles
 d - 7 boomerangs of dispersal (quivered)
Armour
 b - a +0 leather armour (worn)
Jewellery
 g - a ring of ice
Scrolls
 c - a scroll of blinking
 e - a scroll of torment {unknown}
 f - 2 scrolls of identify {unknown}
 j - a scroll of teleportation {unknown}
 l - a scroll of vulnerability {unknown}
 m - a scroll of enchant armour {unknown}
 n - a scroll of fog {unknown}
Potions
 h - a potion of magic {unknown}
 i - 2 potions of heal wounds {unknown}
 k - a potion of degeneration {unknown}
 o - a potion of resistance {unknown}
 p - a potion of cancellation {unknown}


   Skills:
 - Level 2.0 Fighting
 + Level 4.0 Long Blades
 - Level 1.0 Throwing
 - Level 1.1 Armour
 - Level 2.1 Dodging
 - Level 2.0 Spellcasting
 - Level 2.4 Translocations


You had 6 spell levels left.
You didn't know any spells.
Your spell library contained the following spells:

 Spells                   Type           Power      Damage    Failure   Level
 Blink                    Tloc           14%        N/A       19%         2
 Lesser Beckoning         Tloc           14%        N/A       19%         2
 Teleport Other           Tloc           7%         N/A       36%         3
 Vhi's Electric Charge    Tloc/Air       8%         N/A       52%         3
 Manifold Assault         Tloc           7%         N/A       77%         4


Dungeon Overview and Level Annotations

Branches:
Dungeon (2/15)

Altars:

Annotations:
D:2 Terence


Innate Abilities, Weirdness & Mutations

You have a beak for a mouth.
You have claws for feet.


Message History

You are too injured to fight recklessly!
You slash the worm!
The worm is almost dead.
You hit the worm.
You kill the worm!
You see here a worm corpse.
Found a stone staircase leading up.
You now have 168 gold pieces (gained 6).
o - a metallic cyan potion
Found a stone staircase leading up.
Terence the Incautious comes into view.
He is wielding a +0 hand axe and wearing a +2 ring mail of fire resistance.
You see here a white potion.
Terence is nearby!
Terence shouts!
You see here a white potion.
p - a white potion You hit Terence but do no damage.
Your peck misses Terence. Terence hits you with a +0 hand axe.
You closely miss Terence. You claw Terence, but do no damage.
You peck Terence, but do no damage. Terence hits you with a +0 hand axe.
You hit Terence but do no damage. Terence misses you.
You barely miss Terence. You claw Terence.
Terence is lightly wounded.
Terence hits you with a +0 hand axe.
You closely miss Terence. Your kick misses Terence.
You peck Terence, but do no damage.
Terence is lightly wounded.
Terence closely misses you.
Press: ? - help, v - describe, . - travel
Here: Terence, wielding a +0 hand axe and wearing a +2 ring mail of fire resistance (lightly wounded)
The floor.
You hit Terence but do no damage. You claw Terence, but do no damage.
You peck Terence.
Terence is lightly wounded.
Terence hits you with a +0 hand axe.
* * * LOW HITPOINT WARNING * * *
You hit Terence. You claw Terence, but do no damage.
Terence is moderately wounded.
Terence hits you with a +0 hand axe.
You die...

####.# ##.
#....# ##.###
#.#.# # #.#.#
#.##.#.#
#......#
####.#.###..#
#.@@......
##.####...
#.# #.. ####


You could see Terence.

Vanquished Creatures
  2 worms (D:2)
  4 bats (D:1)
  3 giant cockroaches (D:1)
  3 goblins (D:1)
  2 hobgoblins (D:1)
  2 quokkas
  3 ball pythons (D:1)
  3 frilled lizards
  4 kobolds
  3 rats (D:1)
29 creatures vanquished.

Notes
Turn   | Place    | Note
-------+----------+-------------------------------------------
     0 | D:1      | Leeroy the Tengu Warper began the quest for the Orb.
     0 | D:1      | Reached XP level 1. HP: 12/12 MP: 4/4
     6 | D:1      | Noticed a wolf
     6 | D:1      | Noticed a snapping turtle
     6 | D:1      | Noticed a swamp drake
     7 | D:1      | Noticed an anaconda
     7 | D:1      | Noticed a black bear
   157 | D:1      | Reached XP level 2. HP: 15/17 MP: 6/6
   180 | D:1      | Reached skill level 3 in Long Blades
   598 | D:1      | You fall into a shaft and drop 1 floor!
   912 | D:1      | Reached XP level 3. HP: 21/21 MP: 7/7
  1144 | D:2      | Reached skill level 4 in Long Blades
  1326 | D:2      | Noticed Terence
  1338 | D:2      | Slain by Terence

Illustrated notes

Levels and vault maps discovered:
D:1:      onia_arrival_zoo_common, layout_basic
D:2:      layout_basic, serial_forest, infiniplex_forest_lined_3,
          infiniplex_forest_straight_2, infiniplex_forest_lined_1,
          infiniplex_forest_straight_1, infiniplex_forest_side_room,
          hellmonk_ecumenical_altar_dog_temple, uniq_terence

Skill      XL: |  1  2  3 |
---------------+----------+-----
Long Blades    | 3 4 |  4.0
Fighting       | |  2.0
Throwing       | |  1.0
Armour         | |  1.1
Dodging        | |  2.1
Spellcasting   | |  2.0
Translocations | |  2.4

Action                   || total
-------------------------++-------
Melee: Falchion          ||    66
       Kick              ||    19
       Peck              ||    11
       Punch             ||     1
Armor: Leather armour    ||    17
Dodge: Dodged            ||    42

Table legend: (Time is in decaauts)
 A = Elapsed time spent in this place.
 B = Non-inter-level travel time spent in this place.
 C = Inter-level travel time spent in this place.
 D = Time resting spent in this place.
 E = Time spent auto-exploring this place.
 F = Levels seen in this place.
 G = Mean time per level.
                   A        B        C        D        E       F      G
               +--------+--------+--------+--------+--------+-----+--------+
         Total |   1346 |   1310 |     36 |      0 |   1116 |   2 |  673.0 |
       Dungeon |   1346 |   1310 |     36 |      0 |   1116 |   2 |  673.0 |
               +--------+--------+--------+--------+--------+-----+--------+

Top non-repeatable levels by time:
     D:1: 941 daAuts
     D:2: 405 daAuts
